 Dungeon Crawl Stone Soup version 0.31-a0-174-g85c54bcb58 (webtiles) character file.

Game seed: 11715602542210189520

137 qw the Shooter (level 5, -5/32 HPs)
             Began as a Gargoyle Hunter on June 15, 2023.
             Slain by a gnoll
             ... wielding a +0 halberd
              (10 damage)
             ... on level 3 of the Dungeon.
             The game lasted 00:00:44 (2032 turns).

qw the Shooter (Gargoyle Hunter)                    Turns: 2032, Time: 00:00:44

Health: -5/32      AC:  8    Str: 14    XL:     5   Next: 20%
Magic:  5/5        EV: 11    Int: 10    God:
Gold:   127        SH:  0    Dex: 15    Spells: 4/4 levels left

rFire   . . .        Y - +0 shortbow
rCold   . . .        (shield currently unavailable)
rNeg    + . .        c - +0 leather armour
rPois   inf          (no helmet)
rElec   +            (no cloak)
rCorr   .            (no gloves)
SInv    .            h - +0 pair of boots
Will    .....        (no amulet)
Stlth   ++           (no ring)
HPRegen 0.25/turn    (no ring)
MPRegen 0.09/turn

%: no passive effects
@: no status effects
A: sickness immunity, AC +4, negative energy resistance 1, electricity
resistance, torment resistance 1, petrification resistance
a: no special abilities


You were on level 3 of the Dungeon.
You visited 1 branch of the dungeon, and saw 3 of its levels.

You collected 127 gold pieces.


Innate Abilities, Weirdness & Mutations

You are immune to sickness and miasma.
Your stone body is resilient. (AC +4)
You are immune to poison.
You resist negative energy. (rN+)
You are resistant to electric shocks. (rElec)
You are resistant to unholy torment.
You are immune to petrification.


   Skills:
 - Level 3.2 Fighting
 + Level 5.9 Ranged Weapons
 - Level 1.5 Dodging
 - Level 1.1 Stealth


You had 4 spell levels left.
You didn't know any spells.
Your spell library was empty.

Inventory:

Hand Weapons
 Y - a +0 shortbow (weapon)
Armour
 c - a +0 leather armour (worn)
 h - a +0 pair of boots (worn)
Scrolls
 a - a scroll of fear {unknown}
 b - 2 scrolls of identify
 j - a scroll of noise {unknown}
Potions
 d - a potion of curing {unknown}
 e - a potion of cancellation {unknown}
 f - a potion of brilliance {unknown}
 g - a potion of magic {unknown}
 i - a potion of attraction {unknown}

Dungeon Overview and Level Annotations

Branches:
Dungeon (3/15)

Altars:
Sif Muna

Shops:
D:2 =


Message History

The gnoll shouts! x2
Enter note:
Enter note:
Enter note:
Enter note:
2022 ||| Stepping ~*~*~tactically~*~*~ (outnumbered).
You shoot an arrow.
The arrow hits the gnoll but does no damage.
You shoot an arrow. The arrow hits the gnoll.
The gnoll is lightly wounded.
The gnoll hits you with a +0 club.
You shoot an arrow. The arrow hits the gnoll!
The gnoll is severely wounded.
The gnoll hits you with a +0 club.
You shoot an arrow. The arrow barely misses the gnoll.
The arrow hits the gnoll!
The gnoll is severely wounded.
The gnoll hits you but does no damage. The gnoll closely misses you.
You shoot an arrow. The arrow closely misses the gnoll.
The arrow hits the gnoll but does no damage.
The gnoll is severely wounded.
The gnoll hits you with a +0 club.
The gnoll hits you from afar with a +0 halberd.
You shoot an arrow. The arrow hits the gnoll.
The gnoll is severely wounded.
The gnoll closely misses you. The gnoll hits you with a +0 club.
The gnoll hits you from afar with a +0 halberd!
The gnoll hits you with a +0 club.
You shoot an arrow. The arrow hits the gnoll.
You kill the gnoll!
The gnoll closely misses you.
You shoot an arrow.
The arrow hits the gnoll but does no damage.
The gnoll is severely wounded.
The gnoll hits you but does no damage. The gnoll closely misses you.
You shoot an arrow. The arrow hits the gnoll!
You kill the gnoll!
The gnoll misses you.
You shoot an arrow. The arrow closely misses the gnoll.
The gnoll hits you from afar with a +0 halberd!
You die...

#.# #.# #######.#
#.......# ###..
#.####### ....###
##########.# #>###..
..g.g.g.##.# #.# #.#
#)##)# #.# #.# #@##.#
#.# #.####### #>##.#
#.###..)....####.##.#
.......####.........#
..###.## ######.####
### #.##########.#
#............#
##############


You could see a gnoll.

Vanquished Creatures
  An iguana (D:3)
  2 gnolls (D:3)
  2 adders
  3 dart slugs
  5 orcs (D:3)
  5 endoplasms
  A giant cockroach (D:1)
  7 goblins
  4 hobgoblins
  3 quokkas (D:3)
  7 ball pythons
  8 bats
  4 frilled lizards
  8 kobolds
  4 rats
64 creatures vanquished.

Notes
Turn   | Place    | Note
-------+----------+-------------------------------------------
     0 | D:1      | qw the Gargoyle Hunter began the quest for the Orb.
     0 | D:1      | Reached XP level 1. HP: 12/12 MP: 1/1
     0 | D:1      | 0 ||| qw: Version: 0.2-a-29-g511e9b1
     0 | D:1      | 0 ||| qw: Game counter: 5442
     0 | D:1      | 0 ||| qw: Always use a shield: true
     0 | D:1      | 0 ||| qw: God list: Okawaru
     0 | D:1      | 0 ||| qw: Allow faded altars: false
     0 | D:1      | 0 ||| qw: Do Orc after D:15 true
     0 | D:1      | 0 ||| qw: Do second Lair branch before Depths: true
     0 | D:1      | 0 ||| qw: Lair rune preference: random
     0 | D:1      | 0 ||| qw: Plans: Normal, Zot:1-4, Slime:5, God:TSO, Crypt,
                  | Tomb, Abyss, Pan, Hells, Win
     0 | D:1      | 0 ||| PLANNING D:1-11
     2 | D:1      | Noticed a merfolk
     4 | D:1      | Noticed a gargoyle
     4 | D:1      | Noticed a vine stalker
     6 | D:1      | Noticed a demigod
     6 | D:1      | Noticed a tengu
     8 | D:1      | Noticed a troll
     8 | D:1      | Noticed a formicid
    10 | D:1      | Noticed a ghoul
    12 | D:1      | Noticed a minotaur
    12 | D:1      | Noticed an ogre
    14 | D:1      | Noticed a draconian
    14 | D:1      | Noticed a vampire
    16 | D:1      | Noticed a spriggan
    16 | D:1      | Noticed a meteoran
    18 | D:1      | Noticed an elf
    18 | D:1      | Noticed a human
    20 | D:1      | Noticed an octopode
    22 | D:1      | Noticed an armataur
    22 | D:1      | Noticed a naga
    24 | D:1      | Noticed an octopode
    24 | D:1      | Noticed a demonspawn
    26 | D:1      | Noticed a tengu
    26 | D:1      | Noticed a demigod
   139 | D:1      | Reached XP level 2. HP: 17/17 MP: 2/2
   770 | D:1      | Reached XP level 3. HP: 21/21 MP: 3/3
  1017 | D:1      | 1017 ||| DROPPING scroll of butterflies.
  1046 | D:2      | Reached skill level 5 in Ranged Weapons
  1116 | D:2      | Found Kahiohik's Jewellery Boutique.
  1124 | D:2      | 1124 ||| SHOPLISTING +4 ring of protection (432 gold, have
                  | 11).
  1124 | D:2      | 1124 ||| SHOPLISTING +6 ring of strength (432 gold, have
                  | 11).
  1124 | D:2      | 1124 ||| SHOPLISTING amulet of faith (480 gold, have 11).
  1124 | D:2      | 1124 ||| SHOPLISTING ring of fire (300 gold, have 11).
  1124 | D:2      | 1124 ||| SHOPLISTING ring of resist corrosion (240 gold,
                  | have 11).
  1124 | D:2      | 1124 ||| SHOPLISTING ring of willpower (300 gold, have 11).
  1152 | D:2      | Found a shimmering blue altar of Sif Muna.
  1515 | D:2      | Reached skill level 3 in Fighting
  1523 | D:2      | Reached XP level 4. HP: 28/28 MP: 4/4
  1679 | D:2      | 1679 ||| UPGRADING to +0 pair of boots.
  1684 | D:2      | 1684 ||| READING 2 scrolls labelled DOROAJEMUL.
  1685 | D:2      | 1685 ||| READING scroll labelled UNEGEQ LUUVUCH.
  1686 | D:2      | 1686 ||| DROPPING scroll of vulnerability.
  1885 | D:3      | Reached XP level 5. HP: 32/32 MP: 5/5
  2022 | D:3      | 2022 ||| Stepping ~*~*~tactically~*~*~ (outnumbered).
  2028 | D:3      | HP: 6/32 [gnoll/+0 halberd (9)]
  2032 | D:3      | Slain by a gnoll

Levels and vault maps discovered:
D:1:      kb_arrival_jail, layout_basic, amethyst_killhole, kennysheep_boxes
D:2:      layout_loops_ring, basic_altar, serial_shops, shop
D:3:      layout_loops_ring, zin_angel, item_on_display_a

Skill      XL: |  1  2  3 |
---------------+----------+-----
Ranged Weapons | 5 |  5.9
Fighting       | 3 |  3.2
Dodging        | |  1.5
Stealth        | |  1.1

Action                     |  1- 3 |  4- 6 || total
---------------------------+-------+-------++-------
   Fire: Shortbow          |   122 |    59 ||   181
    Use: Scroll            |       |     2 ||     2
 Armour: Leather armour    |    19 |     8 ||    27
  Dodge: Dodged            |    24 |    16 ||    40

Table legend:
 A = Non-vault XP
 B = Vault XP
 C = Vault XP percentage of total XP
 D = Non-vault monster count
 E = Vault monster count
 F = Vault count percentage of total count
                 A         B        C        D         E       F
            +---------+---------+-------+---------+---------+-------
      Total |     197 |       0 |   0.0 |      64 |       0 |   0.0
            +---------+---------+-------+---------+---------+-------
        D:1 |      36 |       0 |   0.0 |      23 |       0 |   0.0
        D:2 |      46 |       0 |   0.0 |      20 |       0 |   0.0
        D:3 |     115 |       0 |   0.0 |      21 |       0 |   0.0
            +---------+---------+-------+---------+---------+-------
